Map: Port Aleksander LE

Players

Cham - Winner!

  • Race: Zerg Zerg
  • Spawn Location: 5:00

Cloudy

  • Race: Protoss Protoss
  • Spawn Location: 11:00

Event: 2019 WCS Spring

VOD

Have the link to the VOD?

Description

Time

  • Played on: May 17, 2019, 2:45 p.m.
  • Length: 8:37

All games in this series

Show
View Real Time Build Order
Export as new Build Order

Cham Zerg - Winner!

Build Orders: Hatch First 

Get SALT Encoding   

  12  0:01  Drone  
  13  0:11  Drone  
  14  0:18  Overlord  
  14  0:36  Drone  
  14  0:37  Drone  
  16  0:49  Hatchery  
  15  0:53  Drone  
  16  0:57  Drone  
  16  1:00  Drone  
  18  1:11  Extractor  
  17  1:15  Spawning Pool  
  16  1:20  Drone  
  16  1:24  Drone  
  18  1:32  Drone  
  19  1:42  Overlord  
  19  1:56  Drone  
  20  2:02  Queen x2  
  20  2:03  Zergling x2  
  20  2:04  Zergling x2  
  26  2:11  Metabolic Boost  
  26  2:14  Drone  
  27  2:19  Drone  
  28  2:23  Drone  
  28  2:25  Drone  
  30  2:41  Hatchery  
  29  2:45  Drone x2  
  31  2:52  Queen  
  31  2:57  Overlord  
  33  3:02  Zergling x4  
  33  3:05  Drone  
  36  3:12  Spore Crawler  
  36  3:15  Overlord  
  36  3:17  Drone x3  
  39  3:21  Drone  
  39  3:24  Spore Crawler  
  39  3:28  Overlord  
  39  3:35  Drone x3  
  39  3:38  Drone  
  39  3:39  Drone  
  44  3:43  Overlord  
  43  3:48  Drone x2  
  43  3:49  Drone  
  43  3:54  Queen  
  47  4:05  Queen  
  47  4:06  Zergling x2  
  47  4:07  Zergling x6  
  53  4:12  Zergling x6  
  53  4:15  Overlord  
  57  4:17  Drone  
  57  4:21  Drone x2  
  57  4:23  Drone x2  
  61  4:26  Drone  
  61  4:29  Drone x2  
  64  4:32  Drone  
  64  4:36  Roach Warren  
  64  4:38  Overlord  
  64  4:40  Drone  
  64  4:43  Drone x2  
  67  4:46  Overlord  
  65  4:54  Drone x2  
  65  4:55  Drone x3  
  67  5:06  Drone x3  
  67  5:07  Drone x2  
  70  5:09  Drone  
  71  5:14  Lair  
  71  5:16  Extractor  
  71  5:17  Extractor x2  
  71  5:18  Drone  
  71  5:20  Overlord  
  68  5:23  Zergling x4  
  68  5:26  Roach  
  68  5:27  Roach  
  72  5:29  Roach  
  72  5:32  Roach x2  
  79  5:35  Roach  
  79  5:36  Roach  
  79  5:39  Roach x2  
  84  5:45  Roach x2  
  84  5:46  Roach  
  84  5:47  Overlord  
  90  5:51  Roach  
  90  5:56  Drone x3  
  95  5:57  Overlord  
  95  5:58  Roach  
  95  6:01  Overlord  
  95  6:02  Overlord  
  97  6:04  Overlord  
  97  6:10  Overlord  
  96  6:11  Glial Reconstitution  
  96  6:13  Roach  
  96  6:14  Overlord  
  96  6:17  Roach  
  99  6:19  Roach  
  99  6:25  Roach x3  
  107  6:26  Roach  
  107  6:28  Roach  
  107  6:29  Roach  
  110  6:34  Roach  
  110  6:35  Overlord, Roach  
  110  6:38  Overlord  
  114  6:45  Overlord  
  112  6:47  Roach  
  112  6:48  Roach x2  
  112  6:50  Overlord, Roach  
  112  6:52  Roach  
  122  6:54  Overlord  
  122  6:59  Overlord  
  122  7:00  Roach x2  
  126  7:02  Roach  
  126  7:06  Overlord x2  
  128  7:10  Roach x2  
  128  7:13  Zergling x4  
  128  7:15  Zergling x4  
  136  7:16  Zergling x2  
  138  7:23  Ravager x3  
  138  7:24  Ravager, Zergling x6  
  138  7:25  Zergling x2  
  138  7:26  Zergling x4  
  138  7:29  Roach  
  151  7:30  Roach  
  151  7:33  Zergling x2  
  151  7:36  Ravager x2  
  153  7:37  Zergling x6  
  153  7:39  Zergling x2  
  153  7:41  Ravager  
  153  7:43  Roach  
  160  7:49  Roach x2  
  160  7:50  Roach  
  159  8:01  Roach x4  
  159  8:02  Roach  
  147  8:14  Roach x2  
  147  8:15  Roach x3  
  147  8:17  Roach  
Show
View Real Time Build Order
Export as new Build Order

Cloudy Protoss 

Build Orders: 1 Gate Expand, Oracle Opening, Archon Immortal, Archon Drop 

Get SALT Encoding   

  12  0:01  Probe  
  13  0:13  Probe  
  14  0:21  Pylon  
  14  0:25  Probe  
  15  0:36  Probe  
  15  0:40  Gateway  
  16  0:47  Probe  
  16  0:50  Assimilator  
  17  0:57  Probe  
  18  1:09  Probe  
  19  1:21  Probe  
  20  1:28  Nexus  
  20  1:37  Cybernetics Core  
  20  1:40  Probe  
  21  1:50  Assimilator  
  21  1:53  Probe  
  22  2:00  Pylon  
  22  2:05  Probe  
  23  2:08  Adept  
  23  2:15  Probe  
  23  2:20  Stargate  
  26  2:23  Probe  
  27  2:31  Warp Gate  
  27  2:32  Probe  
  27  2:33  Stalker  
  27  2:40  Probe  
  30  2:45  Probe  
  31  2:53  Probe  
  31  2:57  Oracle, Probe  
  33  3:05  Probe  
  34  3:09  Probe  
  38  3:17  Probe, Pylon  
  39  3:21  Probe  
  39  3:24  Gateway  
  40  3:29  Probe  
  40  3:30  Oracle  
  40  3:33  Probe  
  42  3:34  Assimilator  
  42  3:37  Assimilator  
  45  3:42  Probe  
  46  3:50  Probe  
  46  3:54  Probe, Robotics Facility  
  48  4:00  Pylon  
  49  4:02  Probe  
  49  4:06  Probe  
  49  4:08  Twilight Council  
  50  4:14  Probe  
  51  4:18  Probe  
  51  4:22  Gateway  
  51  4:23  Gateway  
  52  4:27  Probe  
  52  4:30  Probe  
  54  4:31  Warp Prism  
  54  4:45  Templar Archives  
  56  4:52  Pylon  
  56  4:53  Adept  
  56  4:54  Adept  
  57  5:18  Pylon  
  53  5:34  Zealot  
  55  5:36  Zealot x3  
  55  5:38  Charge  
  55  5:39  Observer  
  59  5:43  Probe  
  59  5:44  Probe  
  62  5:50  Pylon, Gateway  
  62  5:51  Gateway  
  62  5:52  Immortal  
  62  6:00  High Templar x4  
  74  6:08  Archon x2  
  74  6:09  Nexus, Probe  
  74  6:10  Probe  
  76  6:12  Pylon  
  76  6:20  Immortal  
  76  6:21  Probe  
  76  6:22  Probe  
  75  6:34  Sentry x2  
  75  6:35  Sentry  
  75  6:37  Probe x2  
  83  6:42  Robotics Facility  
  83  6:51  Probe x2  
  83  6:52  Immortal  
  83  6:53  Observer  
  85  7:00  Pylon  
  85  7:03  Probe, Pylon  
  85  7:04  Forge  
  90  7:12  Shield Battery x2  
  90  7:24  Immortal  
  90  7:27  Probe x2  
  90  7:28  Sentry  
  94  7:30  Zealot x4  
  94  7:34  Shield Battery  
  94  7:36  Immortal  
  106  7:38  Shield Battery  
  106  7:43  Zealot  
  112  7:54  Zealot x2  
  110  8:02  Zealot x3  
  96  8:19  Zealot x2  
  75  8:31  Zealot x3  
Tags
 
Add a new tag
Caveats
  • Supply blocks, unpowered buildings, or Contaminate may cause inaccurate times.
  • Supply counts are checked every 10 seconds.